 Dungeon Crawl Stone Soup version 0.21.1-1-g345015f (webtiles) character file.

1979 Krilegs the Cleaver (level 9, -9/81 HPs)
             Began as a Hill Orc Fighter on May 8, 2018.
             Was a Believer of Okawaru.
             Mangled by an orc warrior
             ... wielding a cursed +0 halberd
              (15 damage)
             ... on level 7 of the Dungeon.
             The game lasted 00:15:29 (6726 turns).

Krilegs the Cleaver (Hill Orc Fighter)              Turns: 6726, Time: 00:15:30

Health: -9/81      AC: 14    Str: 22    XL:     9   Next: 20%
Magic:  9/9        EV:  4    Int:  8    God:    Okawaru [**....]
Gold:   68         SH:  9    Dex: 10    Spells: 8/8 levels left

rFire    . . .     SeeInvis .   a - +0 war axe
rCold    . . .     Gourm    .   c - +0 shield
rNeg     . . .     Faith    .   D - +0 plate armour
rPois    +         Spirit   .   (no helmet)
rElec    .         Reflect  .   (no cloak)
rCorr    .         Harm     .   (no gloves)
MR       .....                  C - +0 pair of boots
Stlth    ..........             (no amulet)
HPRegen  0.23/turn              g - ring of poison resistance
MPRegen  0.11/turn              x - ring of wizardry

@: no status effects
A: no striking features
a: Heroism, Renounce Religion


You were on level 7 of the Dungeon.
You worshipped Okawaru.
Okawaru was pleased with you.
You were not hungry.

You visited 1 branch of the dungeon, and saw 7 of its levels.

You collected 306 gold pieces.
You spent 238 gold pieces at shops.

Inventory:

Hand Weapons
 a - a +0 war axe (weapon)
 w - a +0 shortbow
Missiles
 v - 40 arrows (quivered)
Armour
 c - a +0 shield (worn)
 C - a +0 pair of boots (worn)
 D - a +0 plate armour (worn)
Jewellery
 g - a ring of poison resistance (left hand)
 x - a ring of wizardry (right hand)
Wands
 m - a wand of iceblast (10)
 s - a wand of polymorph (13)
Scrolls
 i - 6 scrolls of identify {unknown}
 j - 3 scrolls of remove curse
 k - 4 scrolls of fear {unknown}
 n - 3 scrolls of enchant armour {unknown}
 p - 2 scrolls of teleportation {unknown}
 q - a scroll of magic mapping {unknown}
 r - 2 scrolls of immolation {unknown}
 u - a scroll of random uselessness {unknown}
 y - a scroll of enchant weapon {unknown}
Potions
 b - a potion of mutation {unknown}
 d - a potion of lignification {unknown}
 e - 2 potions of haste {unknown}
 f - 3 potions of heal wounds
 l - 3 potions of degeneration {unknown}
 o - a potion of brilliance {unknown}
 t - a potion of flight {unknown}
 A - a potion of ambrosia
 B - a potion of curing {unknown}
Comestibles
 h - 7 rations


   Skills:
 * Level 8.1 Fighting
 + Level 10.5 Axes
 * Level 0.4 Bows
 + Level 7.3 Armour
 - Level 0.4 Dodging
 - Level 3.3 Shields
 - Level 0.7 Invocations
 * Level 0.4 Evocations


You had 8 spell levels left.
You didn't know any spells.

Dungeon Overview and Level Annotations

Branches:
Dungeon (7/15)             Temple (0/1) D:5

Altars:
Elyvilon
Gozag
Hepliaklqana
Okawaru
Qazlal
Sif Muna
Wu Jian
Xom
Yredelemnul
Zin

Shops:
D:5 !


Message History

You block the orc warrior's attack.
You hit the orc warrior.
The orc warrior is moderately wounded.
Your plate armour prevents you from hitting the orc warrior.
The orc warrior is moderately wounded.
You block the orc warrior's attack.
You closely miss the orc warrior.
The orc warrior is moderately wounded.
You block the orc warrior's attack.
You barely miss the orc warrior.
The orc warrior is moderately wounded.
The orc warrior hits you with a halberd!
* * * LOW HITPOINT WARNING * * *
Your shield and plate armour prevent you from hitting the orc warrior.
The orc warrior is moderately wounded.
You block the orc warrior's attack.
You hit the orc warrior.
The orc warrior is heavily wounded.
The orc warrior hits you with a halberd!
You die...

######### ....$.. .....
. #...# .## . # #.o.#
..#.. #.#.@.# #.#.#
###.#)..#####.#.#
....$...........#.#
######...)........#
.......[........#
......#(........#
#####.#(......).#######
#.#.......#>.......
#.#?......#......##


You could see an orc warrior.

Vanquished Creatures
  Edmund (D:6)
  Duvessa (D:4)
  3 orc warriors (D:6)
  2 centaurs
  An ogre (D:5)
  The ghost of Tiareth the Skirmisher, an amateur DEFi (D:3)
  3 bullfrogs (D:6)
  2 scorpions
  Dowan (D:4)
  A centaur skeleton (D:4)
  3 orc priests
  5 hounds
  5 orc wizards
  2 iguanas (D:4)
  4 worker ants
  A killer bee zombie (D:5)
  A hound zombie (D:6)
  A hound skeleton (D:4)
  4 gnolls (D:3)
  7 adders
  A shadow imp (D:5)
  2 oozes (D:1)
  An adder skeleton (D:5)
  4 worms
  A dart slug (D:5)
  5 leopard geckos
  14 orcs
  5 giant cockroaches
  8 goblins
  15 hobgoblins
  5 jackals
  4 kobolds
  2 quokkas
  A ball python (D:6)
  8 bats
  3 frilled lizards
  A jackal skeleton (D:4)
  2 quokka skeletons (D:4)
  2 rats
133 creatures vanquished.

Notes
Turn   | Place    | Note
-------+----------+-------------------------------------------
     0 | D:1      | Krilegs the Hill Orc Fighter began the quest for the Orb.
     0 | D:1      | Reached XP level 1. HP: 19/19 MP: 1/1
   107 | D:1      | Reached skill level 3 in Axes
   107 | D:1      | Reached XP level 2. HP: 17/27 MP: 2/2
   302 | D:1      | Reached XP level 3. HP: 33/33 MP: 3/3
  1112 | D:2      | Reached XP level 4. HP: 40/40 MP: 4/4
  1551 | D:2      | Found a hazy altar of Hepliaklqana.
  1697 | D:2      | Found an iron altar of Okawaru.
  1737 | D:2      | Became a worshipper of Warmaster Okawaru
  1914 | D:3      | Noticed Tiareth's ghost (amateur DEFi)
  2191 | D:3      | Killed Tiareth's ghost
  2191 | D:3      | Reached skill level 4 in Axes
  2191 | D:3      | Reached XP level 5. HP: 45/47 MP: 5/5
  2210 | D:3      | Found an opulent altar of Gozag.
  2610 | D:3      | Reached skill level 5 in Fighting
  2733 | D:3      | Reached skill level 5 in Axes
  2792 | D:3      | Reached XP level 6. HP: 54/56 MP: 6/6
  2816 | D:3      | Found a white marble altar of Elyvilon.
  2825 | D:3      | Reached skill level 5 in Armour
  2827 | D:3      | Found a deep blue altar of Sif Muna.
  2827 | D:3      | Found a shimmering altar of Xom.
  2960 | D:3      | Found a basalt altar of Yredelemnul.
  3079 | D:4      | Found a stormy altar of Qazlal.
  3211 | D:4      | Reached * piety under Okawaru
  3445 | D:4      | Found a glowing silver altar of Zin.
  3548 | D:4      | Reached skill level 6 in Axes
  3563 | D:4      | Reached XP level 7. HP: 50/62 MP: 7/7
  3690 | D:4      | Noticed Duvessa
  3691 | D:4      | Noticed Dowan
  3717 | D:4      | Killed Dowan
  3722 | D:4      | Killed Duvessa
  4389 | D:5      | Entered Level 5 of the Dungeon
  4389 | D:5      | Found an ornate altar of the Wu Jian Council.
  4404 | D:4      | Reached skill level 7 in Axes
  4683 | D:5      | Found a staircase to the Ecumenical Temple.
  4983 | D:5      | Reached ** piety under Okawaru
  5008 | D:5      | Reached skill level 8 in Axes
  5008 | D:5      | Reached XP level 8. HP: 47/71 MP: 5/8
  5163 | D:5      | Found Hyqog's Distillery.
  5171 | D:5      | Bought a potion of heal wounds for 70 gold pieces
  5171 | D:5      | Bought a potion of agility for 56 gold pieces
  5171 | D:5      | Bought a potion of ambrosia for 112 gold pieces
  6041 | D:6      | Reached skill level 9 in Axes
  6108 | D:6      | Reached *** piety under Okawaru
  6108 | D:6      | Reached skill level 10 in Axes
  6307 | D:6      | Noticed Edmund
  6316 | D:6      | Killed Edmund
  6316 | D:6      | Reached XP level 9. HP: 81/81 MP: 6/9
  6726 | D:7      | Mangled by an orc warrior

Skill      XL: |  1  2  3  4  5  6  7  8  9 |
---------------+----------------------------+-----
Axes           | 3 4 5 6 8 10 | 10.5
Fighting       | 4 5 6 7 8 |  8.1
Armour         | 4 5 6 7 |  7.3
Bows           | |  0.4
Dodging        | |  0.4
Shields        | |  3.3
Invocations    | |  0.7
Evocations     | |  0.4

Action                   |  1- 3 |  4- 6 |  7- 9 || total
-------------------------+-------+-------+-------++-------
Melee: War axe           |   118 |   268 |   242 ||   628
Invok: Heroism           |       |       |     6 ||     6
  Use: Scroll            |     1 |       |       ||     1
       Potion            |     1 |       |     1 ||     2
  Eat: Ration            |     1 |     1 |     3 ||     5
       Chunk             |       |     2 |     2 ||     4
Armor: Scale mail        |    79 |    16 |       ||    95
       Chain mail        |       |   124 |    91 ||   215
       Plate armour      |       |       |    51 ||    51
Dodge: Dodged            |    43 |    63 |    56 ||   162
Block: Shield            |    83 |   157 |   129 ||   369
